 Dungeon Crawl Stone Soup version 0.18-a0-1655-ge2d8d33 (webtiles) character file.

48 Magnus the Sneak (level 3, -3/24 HPs)
             Began as a Vampire Enchanter on Mar 30, 2016.
             Slain by a kobold
             ... wielding a +2 whip of distortion
              (16 damage)
             ... on level 1 of the Dungeon.
             The game lasted 00:02:57 (1044 turns).

Magnus the Sneak (Vampire Enchanter)                Turns: 1044, Time: 00:02:58

Health: -3/24      AC:  4    Str:  7    XL:     3   Next: 50%
Magic:  4/6        EV: 12    Int: 18    God:
Gold:   47         SH:  0    Dex: 14    Spells: 3 memorised, 0 levels left

rFire  . . .     SeeInvis +     a - +1 dagger
rCold  . . .     Gourm    .     b - +1 robe
rNeg   . . .     Faith    .     (no shield)
rPois  .         Spirit   .     (no helmet)
rElec  .         Dismiss  .     (no cloak)
rCorr  .         Reflect  .     h - +0 pair of gloves
SustAt .         Harm     .     (no boots)
MR     .....                    (no amulet)
Stlth  +++.......               (no ring)
                                (no ring)

@: regenerating quickly, not resistant to hostile enchantments, fairly stealthy
A: fangs 3, see invisible, unbreathing
a: no special abilities


You were on level 1 of the Dungeon.
You were very full.

You visited 1 branch of the dungeon, and saw 2 of its levels.

You collected 47 gold pieces.

Inventory:

Hand Weapons
 a - a +1 dagger (weapon)
Armour
 b - a +1 robe (worn)
 h - a +0 pair of gloves (worn)
Scrolls
 e - a scroll of blinking {unknown}
 f - 2 scrolls of identify {unknown}
 i - a scroll of enchant weapon {unknown}
 j - a scroll of teleportation {unknown}
Potions
 d - 3 potions of blood
 g - a potion of lignification {unknown}
 k - a potion of curing {unknown}
Books
 c - a book of Maledictions

   Spells                             Type                      Level
   a - Corona                         Hexes                        1
   b - Ensorcelled Hibernation        Hexes/Ice                    2
   c - Confuse                        Hexes                        3
   d - Tukima's Dance                 Hexes                        3
   e - Dazzling Spray                 Conjuration/Hexes            3


   Skills:
 + Level 2.1 Short Blades
 - Level 2.1 Dodging
 + Level 5.5 Stealth
 - Level 2.0 Spellcasting
 + Level 5.3 Hexes


You couldn't memorise any spells.
You knew the following spells:

 Your Spells              Type           Power        Failure   Level  Hunger
a - Corona                Hex            ###....      1%          1    #......
b - Ensorcelled Hibernat  Hex/Ice        ##....       12%         2    ###....
c - Confuse               Hex            ###.....     10%         3    ###....


Dungeon Overview and Level Annotations

Branches:
Dungeon (2/15)

Altars:
Trog


Innate Abilities, Weirdness & Mutations

Your natural rate of healing is unusually fast.
You have razor-sharp teeth.
You have supernaturally acute eyesight.
You can survive without breathing.


Message History

The slug dart misses you.
The kobold shouts!
You hit the bat.
The bat is heavily wounded.
The bat closely misses you.
You closely miss the bat.
The bat is heavily wounded.
The bat hits you but does no damage. The bat misses you.
The kobold hits you but does no damage. Space bends around you.
Casting: Ensorcelled Hibernation
Confirm with . or Enter, or press ? or * to list all spells.
Aiming: Ensorcelled Hibernation
Press: ? - help, Shift-Dir - straight line, f - dart slug
Aim: a dart slug (chance to defeat MR: 80%)
The dart slug looks drowsy...
The kobold hits you with a whip of distortion.
Space warps horribly around you!
Ouch! That really hurt!
You die...

#.#.##............#. ..#
#.#.##.......##..#.###.# .
#.#.##.......##........# ..
#.#.##.......##...###..##.
#.#.###.#.#..b...........
####.#.# #.#.####.....##..#
.....#)# #.#.###......##..#
######.###.#.....w.......>#
#....$###..@K....##.##
####>....##............#
..$..................####
......................#
#####.?...###.....##..#
###.### ##...###..# #.#
##.## #..# #.# ### #.#


You could see a dart slug (sleeping) and a kobold.

Vanquished Creatures
  An adder (D:2)
  An ooze (D:1)
  A worm (D:2)
  3 giant geckos
  2 bats
  2 giant cockroaches
  3 goblins
  5 hobgoblins
  4 jackals (D:1)
  A ball python (D:2)
  A giant newt (D:1)
  2 rats
26 creatures vanquished.

Notes
Turn   | Place    | Note
--------------------------------------------------------------
     0 | D:1      | Magnus the Vampire Enchanter began the quest for the Orb.
     0 | D:1      | Reached XP level 1. HP: 13/13 MP: 3/3
   203 | D:1      | Reached XP level 2. HP: 19/19 MP: 5/5
   239 | D:1      | Reached skill level 5 in Stealth
   331 | D:1      | Reached skill level 5 in Hexes
   344 | D:1      | Learned a level 2 spell: Ensorcelled Hibernation
   665 | D:1      | You fall through a shaft!
   695 | D:2      | Reached XP level 3. HP: 18/24 MP: 6/6
   784 | D:2      | Learned a level 3 spell: Confuse
   862 | D:2      | Found a bloodstained altar of Trog.
  1044 | D:1      | Slain by a kobold

Vault maps used:
D:1:      dpeg_arrival_three_same_balls
D:2:      overflow_temple_1_default, amalloy_card_club

Skill      XL: |  1  2  3 |
---------------+----------+-----
Stealth        | 5 |  5.5
Hexes          | 5 |  5.3
Short Blades   | 2 |  2.1
Dodging        | |  2.1
Spellcasting   | |  2.0

Action                   || total
-------------------------++-------
Melee: Dagger            ||   111
 Cast: Ensorcelled Hiber ||     3
  Use: Potion            ||     8
 Stab: Sleeping          ||    10
